 Dungeon Crawl Stone Soup version 0.19.1-1-g22dce08 (webtiles) character file.

25550 Jynx the Eclecticist (level 12, -1/63 HPs)
             Began as a Deep Elf Fire Elementalist on Jan 12, 2017.
             Was a Priest of Vehumet.
             Killed from afar by monokles's ghost (27 damage)
             ... with a bolt of negative energy
             ... on level 2 of the Lair of Beasts on Jan 13, 2017.
             The game lasted 00:37:50 (14268 turns).

Jynx the Eclecticist (Deep Elf Fire Elementalist)  Turns: 14268, Time: 00:37:50

Health: -1/63      AC:  7    Str:  5    XL:     12   Next: 90%
Magic:  4/33       EV: 15    Int: 26    God:    Vehumet [***...]
Gold:   685        SH:  0    Dex: 15    Spells: 6 memorised, 20 levels left

rFire  . . .     SeeInvis .     m - +5 quarterstaff (chaos)
rCold  + . .     Gourm    .     d - +1 robe
rNeg   . . .     Faith    .     (shield currently unavailable)
rPois  +         Spirit   .     (helmet restricted)
rElec  .         Reflect  .     l - +1 cloak {rPois}
rCorr  +         Harm     .     k - +0 pair of gloves
MR     +....                    e - +0 pair of boots
Stlth  ++........               y - amulet of magic regeneration
                                F - ring of protection from cold
                                a - ring of resist corrosion

@: heavily drained
A: horns 1
a: Renounce Religion


You were on level 2 of the Lair of Beasts.
You worshipped Vehumet.
Vehumet was most pleased with you.
You were hungry.

You visited 3 branches of the dungeon, and saw 14 of its levels.

You collected 685 gold pieces.

Inventory:

Hand Weapons
 m - a +5 quarterstaff of chaos (weapon)
Armour
 d - a +1 robe (worn)
 e - a +0 pair of boots (worn)
 k - a +0 pair of gloves (worn)
 l - a +1 cloak of poison resistance (worn)
 s - a +1 helmet
 P - a +1 cloak of invisibility
Jewellery
 a - a ring of resist corrosion (left hand)
 y - an amulet of magic regeneration (around neck)
 F - a ring of protection from cold (right hand)
 K - a +2 amulet of reflection {unknown}
Wands
 j - a wand of slowing (9/48)
 n - a wand of lightning (6/15)
 x - a wand of enslavement (5/24)
 L - a wand of polymorph (16/24)
 O - a wand of digging (11/24)
Scrolls
 p - 6 scrolls of remove curse
 z - a scroll of enchant armour
 A - 4 scrolls of recharging
 B - a scroll of amnesia
 G - a scroll of brand weapon
 H - a scroll of blinking
 Q - 2 scrolls of magic mapping
 S - a scroll of fog
Potions
 f - 5 potions of haste
 g - 2 potions of cure mutation
 h - 4 potions of curing
 i - a potion of lignification
 q - 5 potions of flight
 r - 2 potions of heal wounds
 t - 2 potions of mutation
 u - a potion of resistance
 C - a potion of ambrosia
 E - 3 potions of agility
 I - a potion of degeneration {unknown}
 J - a potion of berserk rage {unknown}
 M - a potion of brilliance
 R - a potion of magic {unknown}
 V - a potion of might {unknown}
Books
 b - a book of Flames

   Spells                             Type                      Level
   a - Flame Tongue                   Conjuration/Fire             1
   b - Throw Flame                    Conjuration/Fire             2
   c - Conjure Flame                  Conjuration/Fire             3
   d - Inner Flame                    Hexes/Fire                   3
   e - Sticky Flame                   Conjuration/Fire             4
   f - Fireball                       Conjuration/Fire             5
 T - a book of Conjurations

   Spells                             Type                      Level
   a - Magic Dart                     Conjuration                  1
   b - Searing Ray                    Conjuration                  2
   c - Dazzling Spray                 Conjuration/Hexes            3
   d - Fulminant Prism                Conjuration/Hexes            4
   e - Iskenderun's Mystic Blast      Conjuration                  4
   f - Iskenderun's Battlesphere      Conjuration/Charms           5
Comestibles
 c - 10 bread rations
 o - 5 meat rations
 v - 26 fruits
 D - 8 slices of pizza
 N - 4 beef jerkies


   Skills:
 + Level 2.3(0.5) Fighting
 + Level 3.8(1.9) Staves
 + Level 7.1(4.9) Dodging
 + Level 4.4(2.5) Stealth
 + Level 15.5(12.9) Spellcasting
 + Level 12.6(10.2) Conjurations
 + Level 0.4(0.0) Charms
 + Level 12.4(10.0) Fire Magic


You had 20 spell levels left.
You knew the following spells:

 Your Spells              Type           Power        Failure   Level  Hunger
a - Flame Tongue          Conj/Fire      #####        1%          1    None
b - Conjure Flame         Conj/Fire      ######..     1%          3    None
c - Sticky Flame          Conj/Fire      ######..     1%          4    None
d - Fireball              Conj/Fire      ######....   1%          5    ###....
e - Iskenderun's Battles  Conj/Chrm      #####...     4%          5    ###....
f - Iskenderun's Mystic   Conj           ######..     1%          4    None


Dungeon Overview and Level Annotations

Branches:
Dungeon (11/15)            Temple (1/1) D:5            Lair (2/6) D:11
    Orc (0/2) D:10
  Swamp: Lair:2-4    Shoals: Lair:2-4     Snake: Lair:2-4    Spider: Lair:2-4

Altars:
Ashenzari
Cheibriados
Dithmenos
Elyvilon
Fedhas
Gozag
Hepliaklqana
Kikubaaqudgha
Makhleb
Nemelex Xobeh
Okawaru
Qazlal
Ru
Sif Muna
Trog
Uskayaw
Vehumet
Xom
Yredelemnul
Zin
The Shining One

Shops:
D:9 %

Annotations:
D:7 exclusion: oklob plant
Lair:2 Kloppie's ghost, journeyman DsBe; monokles's ghost, journeyman DrMo


Innate Abilities, Weirdness & Mutations

You have a pair of small horns on your head.


Message History

Monokles's ghost is moderately damaged.
Casting: Iskenderun's Mystic Blast
Confirm with . or Enter, or press ? or * to list all spells.
Aiming: Iskenderun's Mystic Blast
Press: ? - help, Shift-Dir - straight line, f/p - monokles's ghost
Aim: monokles's ghost, wielding a vampiric weapon (moderately damaged)
The orb of energy hits monokles's ghost.
Monokles's ghost is heavily damaged.
Your battlesphere fires!
The barrage of energy hits monokles's ghost.
Monokles's ghost is heavily damaged.
Monokles's ghost breathes negative energy at you.
The bolt of negative energy hits you!
You feel drained.
Monokles's ghost breathes negative energy at you.
The bolt of negative energy hits you!
You feel drained.
Monokles's ghost breathes negative energy at you.
The bolt of negative energy hits your battlesphere.
Your battlesphere completely resists.
The bolt of negative energy hits you!
You feel drained.
You die...

#......## ##.(............#
...#..## #...............#
.####.# #P..............#
P# ### ##.............## ##
#...............##
##.............#.#
#..............##
#..............#
##...@(......###
#...*.......P#
###.#..(.#####
####.......####
####.##.W........## #
##..........P##....# ######
##ยง<.............####
...#.###F.................#
#.......P................##


You could see monokles's ghost and a friendly battlesphere.

Vanquished Creatures
  Snorg (D:11)
  Josephine (D:11)
  A fire dragon (Lair:1)
  A death knight (D:11)
  Sonja (D:10)
  A spriggan (Lair:1)
  A skeletal warrior (D:11)
  The ghost of Sokar the Zephyrmancer, a novice TeAE of Vehumet (Lair:1)
  3 hill giants (D:10)
  2 ugly things
  A cyclops (D:11)
  Maurice (D:10)
  Joseph (D:7)
  The ghost of McKennaii the Gusty, a novice HEAE of Sif Muna (D:6)
  3 black mambas
  3 spiny frogs
  2 komodo dragons (Lair:1)
  A rime drake (Lair:1)
  2 freezing wraiths (D:11)
  4 trolls
  2 hornets
  A two-headed ogre (D:8)
  3 blink frogs (Lair:1)
  7 hippogriffs
  5 wraiths (D:11)
  16 yaks
  The ghost of Kwzr the Ruffian, an amateur DrMo of Makhleb (D:3)
  3 hogs (D:9)
  A basilisk (D:11)
  A human (D:9)
  Menkaure (D:5)
  A mottled dragon (D:11)
  5 water moccasins
  2 sky beasts
  3 orc warriors (D:10)
  4 porcupines
  3 ice beasts
  3 ogres
  A hornet zombie (D:6)
  A necrophage (D:6)
  3 phantoms
  6 centaurs
  3 crocodiles
  A big kobold (D:10)
  9 bullfrogs
  A scorpion (D:6)
  A wyvern skeleton (D:7)
  11 killer bees
  4 wights (D:9)
  8 crimson imps
  4 centaur zombies
  2 hounds
  6 orc wizards
  2 centaur skeletons
  A jelly (D:10)
  2 bullfrog skeletons
  6 orc priests
  Crazy Yiuf (D:2)
  Jessica (D:2)
  4 iguanas
  4 worker ants
  2 hound zombies
  A hound skeleton (D:6)
  2 worker ant zombies
  A howler monkey skeleton (D:6)
  10 adders
  A shadow imp (D:6)
  2 oozes
  An adder skeleton (D:10)
  2 adder zombies
  2 worms (D:4)
  A dart slug (D:2)
  2 leopard geckos
  39 orcs
  3 ball pythons
  10 giant cockroaches
  11 goblins
  11 hobgoblins
  13 jackals
  5 quokkas
  2 bats
  10 frilled lizards
  16 kobolds
  A leopard gecko skeleton (D:7)
  A leopard gecko zombie (D:8)
  6 rats
  A fungus (Lair:2)
332 creatures vanquished.

Vanquished Creatures (others)
  A hobgoblin (D:2)
  A fungus (Lair:1)
2 creatures vanquished.

Grand Total: 334 creatures vanquished

Notes
Turn   | Place    | Note
-------+----------+-------------------------------------------
     0 | D:1      | Jynx the Deep Elf Fire Elementalist began the quest for the Orb.
     0 | D:1      | Reached XP level 1. HP: 10/10 MP: 6/6
   166 | D:1      | Reached XP level 2. HP: 14/15 MP: 0/8
   803 | D:2      | Reached XP level 3. HP: 19/19 MP: 3/10
   808 | D:2      | Learned a level 3 spell: Conjure Flame
   907 | D:2      | Reached skill level 4 in Spellcasting
   930 | D:2      | Noticed Jessica
   933 | D:2      | Killed Jessica
   983 | D:2      | Found a stormy altar of Qazlal.
   987 | D:2      | Reached XP level 4. HP: 24/24 MP: 10/12
  1361 | D:2      | Found a runed door.
  1365 | D:2      | Noticed Crazy Yiuf
  1375 | D:2      | Killed Crazy Yiuf
  1668 | D:2      | Reached skill level 5 in Spellcasting
  1900 | D:3      | Reached XP level 5. HP: 28/28 MP: 8/14
  1907 | D:3      | Learned a level 4 spell: Sticky Flame
  1913 | D:3      | Learned a level 5 spell: Fireball
  2367 | D:3      | Noticed Kwzr's ghost (amateur DrMo)
  2381 | D:3      | Killed Kwzr's ghost
  2381 | D:3      | Reached skill level 6 in Spellcasting
  2381 | D:3      | Reached skill level 5 in Fire Magic
  2381 | D:3      | Reached XP level 6. HP: 26/32 MP: 6/17
  2939 | D:4      | Reached XP level 7. HP: 20/36 MP: 10/19
  3204 | D:4      | Reached skill level 7 in Spellcasting
  3593 | D:5      | Entered Level 5 of the Dungeon
  3652 | D:5      | Noticed Menkaure
  3658 | D:5      | Killed Menkaure
  3709 | D:5      | Reached skill level 5 in Conjurations
  3751 | D:5      | Found a staircase to the Ecumenical Temple.
  3807 | Temple   | Entered the Ecumenical Temple
  4181 | D:5      | Reached XP level 8. HP: 41/42 MP: 17/21
  4327 | D:5      | Found a hazy altar of Hepliaklqana.
  4328 | D:5      | Found a sacrificial altar of Ru.
  4333 | D:5      | Found a deep blue altar of Sif Muna.
  4532 | D:6      | Reached skill level 1 in Staves
  4532 | D:6      | Reached skill level 8 in Spellcasting
  4620 | D:6      | Reached skill level 1 in Fighting
  4729 | D:6      | Noticed McKennaii's ghost (novice HEAE)
  4749 | D:7      | Noticed a hippogriff
  5139 | D:7      | Found a basalt altar of Yredelemnul.
  5140 | D:7      | Noticed an oklob plant
  5490 | D:7      | Reached skill level 9 in Spellcasting
  5587 | D:7      | Killed a hippogriff
  5587 | D:7      | Reached XP level 9. HP: 34/47 MP: 16/24
  5779 | D:7      | Noticed Joseph
  5787 | D:7      | Killed Joseph
  5838 | D:7      | Reached skill level 10 in Spellcasting
  6116 | D:6      | Killed McKennaii's ghost
  6116 | D:6      | Reached skill level 5 in Dodging
  6511 | D:6      | Reached XP level 10. HP: 52/52 MP: 20/26
  6574 | D:6      | Reached skill level 11 in Spellcasting
  7263 | D:8      | Found a radiant altar of Vehumet.
  7352 | D:8      | Found a sparkling altar of Nemelex Xobeh.
  7352 | D:8      | Found an opulent altar of Gozag.
  7394 | D:8      | Became a worshipper of Vehumet
  7731 | D:9      | Reached skill level 12 in Spellcasting
  7915 | D:9      | Noticed a brown ugly thing
  7933 | D:9      | Killed a brown ugly thing
  8045 | D:9      | Found Pepnan's Food Shop.
  8174 | D:10     | Entered Level 10 of the Dungeon
  8183 | D:10     | Found a staircase to the Orcish Mines.
  8196 | D:10     | Noticed a hill giant
  8304 | D:10     | Reached XP level 11. HP: 57/57 MP: 18/29
  8306 | D:10     | Reached skill level 10 in Fire Magic
  8308 | D:10     | Reached * piety under Vehumet
  8308 | D:10     | Offered knowledge of Sting by Vehumet.
  8311 | D:10     | Noticed Sonja
  8484 | D:10     | Noticed Maurice
  8493 | D:10     | Noticed a hill giant
  8495 | D:10     | Killed Maurice
  8613 | D:10     | Killed Sonja
  8701 | D:10     | Killed a hill giant
  8701 | D:10     | Reached skill level 10 in Conjurations
  8916 | D:10     | Killed a hill giant
  8916 | D:10     | Reached skill level 13 in Spellcasting
  9289 | D:10     | Found an opulent altar of Gozag.
  9540 | D:10     | Reached ** piety under Vehumet
  9666 | D:11     | Offered knowledge of Sandblast by Vehumet.
  9690 | D:11     | Noticed Snorg
  9697 | D:11     | Killed Snorg
  9817 | D:11     | Noticed a death knight
  9817 | D:11     | Noticed a skeletal warrior
  9817 | D:11     | Noticed a phantasmal warrior
  9825 | D:11     | Killed a skeletal warrior
  9826 | D:11     | Found a staircase to the Lair.
  9827 | D:11     | Noticed a hill giant
  9855 | D:11     | Killed a death knight
 10223 | D:11     | Noticed a green ugly thing
 10228 | D:11     | Killed a green ugly thing
 10228 | D:11     | Reached skill level 14 in Spellcasting
 10240 | D:11     | Noticed Josephine
 10312 | D:11     | Killed Josephine
 10312 | D:11     | Reached XP level 12. HP: 29/62 MP: 20/32
 11026 | D:11     | Offered knowledge of Dazzling Spray by Vehumet.
 11759 | Lair:1   | Entered Level 1 of the Lair of Beasts
 11761 | Lair:1   | Noticed Sokar's ghost (novice TeAE)
 11768 | Lair:1   | Killed Sokar's ghost
 12548 | Lair:1   | Reached *** piety under Vehumet
 12548 | Lair:1   | Reached skill level 15 in Spellcasting
 12757 | Lair:1   | Learned a level 5 spell: Iskenderun's Battlesphere
 12987 | Lair:1   | Noticed a fire dragon
 12998 | Lair:1   | Learned a level 4 spell: Iskenderun's Mystic Blast
 13009 | Lair:1   | Killed a fire dragon
 13070 | Lair:1   | Gained mutation: You have a pair of small horns on your head. [potion of beneficial mutation]
 13496 | Lair:2   | Noticed monokles's ghost (journeyman DrMo)
 13743 | Lair:2   | Noticed Kloppie's ghost (journeyman DsBe)
 14268 | Lair:2   | Killed from afar by monokles's ghost

Skill      XL: |  1  2  3  4  5  6  7  8  9 10 11 12 |
---------------+-------------------------------------+-----
Spellcasting   | 4 5 6 7 9 10 12 14 15 | 15.5
Conjurations   | 2 3 4 5 6 7 9 11 12 | 12.6
Fire Magic     | 4 5 6 7 8 9 11 12 | 12.4
Dodging        | 3 4 5 6 7 |  7.1
Stealth        | 3 4 |  4.4
Staves         | 2 3 |  3.8
Fighting       | 1 2 |  2.3
Charms         | |  0.4

Action                   |  1- 3 |  4- 6 |  7- 9 | 10-12 || total
-------------------------+-------+-------+-------+-------++-------
Melee: Unarmed           |    12 |     4 |       |       ||    16
       Quarterstaff      |       |     3 |    53 |    21 ||    77
 Cast: Flame Tongue      |    56 |   121 |   221 |   289 ||   687
       Conjure Flame     |       |     2 |     2 |     3 ||     7
       Sticky Flame      |       |     2 |    12 |    40 ||    54
       Fireball          |       |       |     7 |   108 ||   115
       Iskenderun's Myst |       |       |       |    24 ||    24
       Iskenderun's Batt |       |       |       |    11 ||    11
  Use: Scroll            |     4 |     4 |     8 |    19 ||    35
       Potion            |       |       |     1 |     3 ||     4
 Stab: Confused          |       |       |     1 |       ||     1
  Eat: Chunk             |       |     6 |    13 |    26 ||    45
       Fruit             |       |       |       |     2 ||     2
       Pizza             |       |       |       |     1 ||     1
Armor: Robe              |     6 |     8 |    57 |    50 ||   121
Dodge: Dodged            |    26 |    33 |   162 |   124 ||   345
